 Dungeon Crawl Stone Soup version 0.25-a0-265-g7af84ae0ac (webtiles) character file.

Game seed: 7633128825857350387, levelgen mode: deterministic

319 MoonlitKnight the Charmwright (level 6, -3/44 HPs)
             Began as a Merfolk Skald on Dec 4, 2019.
             Succumbed to an orc wizard's poison
             ... on level 4 of the Dungeon on Dec 8, 2019.
             The game lasted 00:28:08 (5681 turns).

MoonlitKnight the Charmwright (Merfolk Skald)       Turns: 5681, Time: 00:28:08

Health: -3/44      AC:  7    Str: 12    XL:     6   Next: 45%
Magic:  6/9        EV: 12    Int: 14    God:
Gold:   262        SH:  0    Dex: 13    Spells: 3/9 levels left

rFire    . . .     SeeInvis .   a - +0 spear
rCold    . . .     Gourm    .   (no shield)
rNeg     . . .     Faith    .   h - +0 leather armour
rPois    .         Spirit   .   (no helmet)
rElec    .         Reflect  .   (no cloak)
rCorr    .         Harm     .   s - +0 pair of gloves
MR       .....                  l - +2 pair of boots
Stlth    ++........             (no amulet)
HPRegen  0.14/turn              d - ring of stealth
MPRegen  0.11/turn              (no ring)

@: lethally poisoned (-3 -> -39)
A: change form in water, swift swim, stealthy swim
a: no special abilities


You were on level 4 of the Dungeon.
You were hungry.

You visited 1 branch of the dungeon, and saw 5 of its levels.

You collected 262 gold pieces.

Inventory:

Hand Weapons
 a - a +0 spear (weapon)
 b - a +0 hunting sling
Missiles
 f - 135 stones (quivered)
 m - 10 sling bullets
Armour
 h - a +0 leather armour (worn)
 k - a +0 ring mail
 l - a +2 pair of boots (worn)
 s - a +0 pair of gloves (worn)
Jewellery
 d - a ring of stealth (left hand)
Wands
 u - a wand of iceblast (12)
 v - a wand of disintegration (13)
Scrolls
 i - 6 scrolls of remove curse
 n - 4 scrolls of teleportation
Potions
 c - a potion of haste {unknown}
 e - 2 potions of heal wounds
 g - 2 potions of brilliance {unknown}
 j - a potion of curing
 o - a potion of invisibility {unknown}
 q - a potion of berserk rage {unknown}
 r - a potion of lignification {unknown}
 t - a potion of magic {unknown}
Comestibles
 p - 2 rations


   Skills:
 - Level 2.1 Fighting
 + Level 3.0 Polearms
 - Level 0.6 Armour
 - Level 2.6 Dodging
 - Level 2.0 Spellcasting
 - Level 4.3 Hexes
 + Level 4.6 Charms
 - Level 2.3 Translocations


You had 3 spell levels left.
You knew the following spells:

 Your Spells              Type           Power        Failure   Level  Hunger
a - Infusion              Chrm           ##..         4%          1    ##.....
b - Shroud of Golubria    Chrm/Tloc      ##....       11%         2    ###....
c - Spectral Weapon       Hex/Chrm       ##......     14%         3    ####...

Your spell library contained the following spells:

 Spells                   Type           Power        Failure   Level  Hunger
 Song of Slaying          Chrm           ##......     7%          2    ###....
 Regeneration             Chrm/Necr      #.........   34%         3    ####...


Dungeon Overview and Level Annotations

Branches:
Dungeon (5/15)
 Temple: D:4-7

Altars:

Shops:
D:4 }*


Message History

* * * LOW HITPOINT WARNING * * *
You feel sick.
The orc wizard hits you with a +0 dagger of venom.
* * * LOW HITPOINT WARNING * * *
You are more poisoned.
The orc hits you but does no damage.
* * * LOW HITPOINT WARNING * * *
You feel sick. The orc closely misses you.
There is a stone staircase leading up here.
Unknown command.
* * * LOW HITPOINT WARNING * * *
You feel sick.
The orc wizard hits you with a +0 dagger of venom.
* * * LOW HITPOINT WARNING * * *
You are more poisoned.
The orc wizard looks satisfied for a moment.
The orc barely misses you.
You climb upwards.
Reactivating autopickup.
You die...

### ######## ##.##
######......#
##.#.###.........#<#
##.###.##.####.##.#.#
#.##.................
#####
##.#o#.##.##......#..
....#
##.@.###............
###.# ##o##
####.#....... #.# #.#
#.###..... #.# #.#
#.####.##. #.# #.#
#......... #.#
#.############.###
##.## #......# ##'##
#...##### ######.#
##...## #.#.....#
###.# ##.....#


You could see an orc wizard and an orc.

Vanquished Creatures
  A howler monkey (D:4)
  A bullfrog skeleton (D:4)
  Natasha (thrice) (D:4)
  2 worker ants (D:4)
  3 adders
  4 worms
  4 dart slugs
  2 leopard geckos
  3 orcs
  13 bats
  4 giant cockroaches
  6 goblins
  12 hobgoblins
  3 jackals (D:1)
  8 kobolds
  2 ball pythons
  A ball python zombie (D:4)
  7 frilled lizards
  10 rats
89 creatures vanquished.

Vanquished Creatures (others)
  A spectral weapon (D:5)
1 creature vanquished.

Grand Total: 90 creatures vanquished

Notes
Turn   | Place    | Note
-------+----------+-------------------------------------------
     0 | D:1      | MoonlitKnight the Merfolk Skald began the quest for the
                  | Orb.
     0 | D:1      | Reached XP level 1. HP: 16/16 MP: 3/3
   120 | D:1      | Upgraded the game from 0.25-a0-248-g18654cfe15 to
                  | 0.25-a0-265-g7af84ae0ac
   251 | D:1      | Reached XP level 2. HP: 19/22 MP: 0/5
   268 | D:1      | Learned a level 2 spell: Shroud of Golubria
   520 | D:1      | Reached skill level 1 in Translocations
   752 | D:1      | Reached XP level 3. HP: 22/27 MP: 2/6
  2201 | D:2      | Reached XP level 4. HP: 33/33 MP: 7/7
  2887 | D:2      | Learned a level 3 spell: Spectral Weapon
  3513 | D:3      | Reached skill level 1 in Hexes
  3513 | D:3      | Reached XP level 5. HP: 32/38 MP: 8/8
  4635 | D:4      | Noticed Natasha
  4649 | D:4      | Killed Natasha
  4725 | D:4      | Noticed Natasha
  4740 | D:4      | Killed Natasha
  4740 | D:4      | Reached XP level 6. HP: 31/44 MP: 5/9
  4833 | D:4      | Found Cenkom's Assorted Antiques.
  5017 | D:4      | Found Wulej's Gadget Shop.
  5105 | D:4      | Noticed Natasha
  5126 | D:4      | Killed Natasha
  5604 | D:5      | Entered Level 5 of the Dungeon
  5680 | D:5      | HP: 2/44 [orc wizard/+0 dagger of venom (4)]
  5681 | D:4      | Succumbed to an orc wizard's poison

Levels and vault maps discovered:
D:1:      psy_arrival_heroes, layout_basic, grunt_decor_arrowhead
D:2:      minmay_alternating_diamond, layout_rooms, serial_rivers,
          chequers_serial_rivers_small_a, chequers_serial_rivers_micro_a,
          chequers_serial_rivers_small_b, chequers_serial_rivers_marsh,
          chequers_serial_rivers_small_3, chequers_serial_rivers_small_3,
          grunt_ministairs_10
D:3:      layout_basic, serial_glass, glass_columns_a, glass_columns_b,
          minmay_misc_feat_encased
D:4:      layout_loops_corners, serial_shops, kennysheep_mini,
          nicolae_shop_overgrown_old_shop, uniq_natasha
D:5:      minmay_inner_zag, layout_rooms, first_ration, nrook_campfire

Skill      XL: |  1  2  3  4  5  6 |
---------------+-------------------+-----
Translocations | 1 2 |  2.3
Charms         | 4 |  4.6
Hexes          | 1 3 4 |  4.3
Fighting       | |  2.1
Polearms       | |  3.0
Armour         | |  0.6
Dodging        | |  2.6
Spellcasting   | |  2.0

Action                   |  1- 3 |  4- 6 || total
-------------------------+-------+-------++-------
Melee: Spear             |   104 |   164 ||   268
 Fire: Hunting sling     |    26 |    82 ||   108
Throw: Stone             |       |     1 ||     1
 Cast: Infusion          |    10 |     6 ||    16
       Shroud of Golubri |     6 |     7 ||    13
       Spectral Weapon   |       |     7 ||     7
  Use: Scroll            |       |     5 ||     5
       Potion            |       |     1 ||     1
 Stab: Distracted        |       |     1 ||     1
  Eat: Chunk             |     2 |     8 ||    10
       Ration            |     1 |     1 ||     2
Armor: Leather armour    |    48 |    56 ||   104
Dodge: Dodged            |    68 |    80 ||   148

Table legend:
 A = Non-vault XP
 B = Vault XP
 C = Vault XP percentage of total XP
 D = Non-vault monster count
 E = Vault monster count
 F = Vault count percentage of total count
                 A         B        C        D         E       F
            +---------+---------+-------+---------+---------+-------
      Total |     386 |      70 |  15.4 |      80 |       9 |  10.1
            +---------+---------+-------+---------+---------+-------
        D:1 |      45 |       0 |   0.0 |      28 |       0 |   0.0
        D:2 |      63 |      34 |  35.1 |      26 |       8 |  23.5
        D:3 |      47 |       0 |   0.0 |      18 |       0 |   0.0
        D:4 |     228 |      36 |  13.6 |       7 |       1 |  12.5
        D:5 |       3 |       0 |   0.0 |       1 |       0 |   0.0
            +---------+---------+-------+---------+---------+-------
